 Dungeon Crawl Stone Soup version 0.27-a0-419-g7a85846853 (webtiles) character file.

Game seed: 12166392830481005748

134 Gaff the Sneak (level 5, -1/31 HPs)
             Began as a Kobold Brigand on Feb 26, 2021.
             Was an Initiate of Ru.
             Slain by Grinder (2 damage)
             ... on level 4 of the Dungeon.
             The game lasted 00:10:59 (3984 turns).

Gaff the Sneak (Kobold Brigand)                     Turns: 3984, Time: 00:10:59

Health: -1/31      AC:  7    Str:  8    XL:     5   Next: 40%
Magic:  5/5        EV: 14    Int: 13    God:    Ru [......]
Gold:   161        SH:  0    Dex: 17    Spells: 4/4 levels left

rFire    . . .     SeeInvis .   a - +2 dagger
rCold    . . .     Faith    .   (shield restricted)
rNeg     . . .     Spirit   .   m - +0 leather armour
rPois    .         Reflect  .   n - +0 helmet
rElec    .         Harm     .   c - +0 cloak
rCorr    .         Rampage  .   t - +0 pair of gloves
Will     .....                  w - +0 pair of boots
Stlth    ++++......             (no amulet)
HPRegen  0.10/turn              (no ring)
MPRegen  0.09/turn              (no ring)

@: no status effects
A: small, nightstalker 3
a: Renounce Religion


You were on level 4 of the Dungeon.
You worshipped Ru.
Ru was noncommittal.
You visited 1 branch of the dungeon, and saw 4 of its levels.

You collected 161 gold pieces.

Inventory:

Hand Weapons
 a - a +2 dagger (weapon)
 g - a +0 hunting sling
 s - a +2 war axe of distortion
Missiles
 d - 8 poisoned darts (quivered)
 e - 2 curare-tipped darts
 l - 104 stones
Armour
 b - a +0 robe
 c - a +0 cloak (worn)
 m - a +0 leather armour (worn)
 n - a +0 helmet (worn)
 t - a +0 pair of gloves (worn)
 v - a +0 ring mail
 w - a +0 pair of boots (worn)
Jewellery
 k - an amulet of magic regeneration
 p - a ring of ice
 u - a ring of wizardry
Scrolls
 f - a scroll of enchant armour {unknown}
 h - 7 scrolls of identify {unknown}
 q - a scroll of fear
 y - a scroll of blinking {unknown}
 z - a scroll of amnesia {unknown}
Potions
 i - 2 potions of curing {unknown}
 j - a potion of mutation {unknown}
 o - a potion of lignification {unknown}
 x - a potion of degeneration {unknown}
 A - a potion of flight {unknown}


   Skills:
 + Level 2.5 Fighting
 + Level 4.8 Short Blades
 + Level 2.6 Throwing
 + Level 1.2 Armour
 + Level 2.2 Dodging
 - Level 6.0 Stealth


You had 4 spell levels left.
You didn't know any spells.
Your spell library contained the following spells:

 Spells                   Type           Power        Failure   Level
 Magic Dart               Conj           0%           41%         1
 Summon Small Mammal      Summ           0%           41%         1
 Blink                    Tloc           N/A          54%         2
 Call Imp                 Summ           0%           54%         2
 Slow                     Hex            0%           54%         2
 Call Canine Familiar     Summ           0%           78%         3
 Conjure Flame            Conj/Fire      0%           78%         3
 Mephitic Cloud           Conj/Pois/Air  0%           78%         3
 Summon Guardian Golem    Hex/Summ       0%           78%         3
 Summon Ice Beast         Ice/Summ       0%           99%         4
 Summon Lightning Spire   Summ/Air       0%           99%         4


Dungeon Overview and Level Annotations

Branches:
Dungeon (4/15)
 Temple: D:4-7

Altars:
Ru
Trog

Annotations:
D:3 3 runed translucent doors, sefie's ghost, amateur NaAK
D:4 Edmund; Grinder


Innate Abilities, Weirdness & Mutations

You are small and have problems with some larger weapons.
You are completely attuned to the shadows.


Message History

Edmund hits you with a +2 dire flail of protection!
You barely miss Edmund.
Edmund is almost dead.
Edmund hits you with a +2 dire flail of protection.
You closely miss Edmund.
Edmund is almost dead.
You hit Edmund but do no damage.
Edmund is almost dead.
Grinder closely misses you. Edmund closely misses you.
You hit Edmund but do no damage.
Edmund is almost dead.
Grinder hits you.
You writhe in agony.
Edmund misses you.
You barely miss Edmund.
Edmund is almost dead.
Grinder closely misses you.
You barely miss Edmund.
Edmund is almost dead.
Edmund misses you. Grinder misses you.
You hit Edmund.
Edmund is almost dead.
Edmund hits you with a +2 dire flail of protection!
* * * LOW HITPOINT WARNING * * *
As you read the scroll labelled SIK BOUKKOCOU, it crumbles to dust.
You assume a fearsome visage.
Grinder is unaffected.
Edmund looks frightened!
It was a scroll of fear.
Grinder gestures at you.
You suddenly lose the ability to move!
Grinder barely misses you. Grinder hits you but does no damage.
Grinder hits you.
* * * LOW HITPOINT WARNING * * *
You writhe in agony.
* * * LOW HITPOINT WARNING * * *
Grinder blinks!
Grinder gestures at you.
You shrug off the repeated paralysis!
You can move again.
As you read the scroll labelled JAUTHR TUWAESK, it crumbles to dust.
The scroll dissolves into smoke.
It was a scroll of fog.
Grinder hits you.
You die...

#. #.# ####.####
##.... #.....#.###
##.....
###.##......###§.....
...............§§§...
###.##.........§@§...
###.##.#....##.#5§...
.........#####.##.§..
##.####.## #.# #...
##.# #l# #+# ...#
####


You could see Grinder.

Vanquished Creatures
  A bullfrog skeleton (D:4)
  An adder (D:3)
  A worm (D:3)
  2 dart slugs
  A leopard gecko (D:2)
  6 orcs
  7 bats
  2 giant cockroaches
  13 goblins
  5 hobgoblins
  8 jackals
  2 quokkas (D:3)
  9 frilled lizards
  10 kobolds
  12 rats
80 creatures vanquished.

Notes
Turn   | Place    | Note
-------+----------+-------------------------------------------
     0 | D:1      | Gaff the Kobold Brigand began the quest for the Orb.
     0 | D:1      | Reached XP level 1. HP: 12/12 MP: 1/1
    96 | D:1      | Reached XP level 2. HP: 17/17 MP: 2/2
   609 | D:1      | Reached skill level 6 in Stealth
   788 | D:1      | Reached XP level 3. HP: 21/21 MP: 3/3
  1775 | D:2      | Reached XP level 4. HP: 27/27 MP: 4/4
  3454 | D:3      | Reached skill level 1 in Armour
  3464 | D:3      | Reached XP level 5. HP: 29/31 MP: 5/5
  3561 | D:3      | Found a bloodstained altar of Trog.
  3587 | D:3      | Found a runed translucent gate.
  3587 | D:3      | Found a runed translucent gate.
  3588 | D:3      | Found a runed translucent gate.
  3596 | D:3      | Identified the +8 mace "Gycomya" {drain, rElec Str-4 Int+4
                  | SInv}
  3612 | D:3      | Noticed sefie's ghost (amateur NaAK)
  3831 | D:4      | Found a sacrificial altar of Ru.
  3834 | D:4      | Became a worshipper of Ru the Awakened
  3963 | D:4      | Noticed Edmund
  3966 | D:4      | Noticed Grinder
  3977 | D:4      | Paralysed by Grinder for 7 turns
  3980 | D:4      | HP: 1/31 [Grinder (3)]
  3984 | D:4      | Slain by Grinder

Illustrated notes

Levels and vault maps discovered:
D:1:      lightli_arrival_chessboard, layout_loops_ring, kennysheep_crisscross,
          minmay_crystal_room
D:2:      layout_basic, minmay_tromino_i4
D:3:      layout_loops_ring, marbit_many_paths, biasface_ghost_orc_armoury
D:4:      layout_loops_corners, kennysheep_mini_moat, serial_shops,
          nicolae_shop_temple_entry_statues_fountains, serial_bayou_pond_e,
          hangedman_decor_opposing, uniq_grinder, uniq_sigmund, uniq_edmund,
          uniq_duvessa

Skill      XL: |  1  2  3  4 |
---------------+-------------+-----
Stealth        | 6 |  6.0
Short Blades   | 3 4 |  4.8
Dodging        | 2 |  2.2
Armour         | 1 |  1.2
Fighting       | |  2.5
Throwing       | |  2.6

Action                   |  1- 3 |  4- 6 || total
-------------------------+-------+-------++-------
Melee: Dagger            |   101 |   168 ||   269
  Use: Scroll            |       |     2 ||     2
 Stab: Sleeping          |    25 |    12 ||    37
       Distracted        |     1 |       ||     1
Armor: Robe              |    12 |       ||    12
       Leather armour    |     2 |    41 ||    43
Dodge: Dodged            |    68 |   104 ||   172

Table legend: (Time is in decaauts)
 A = Elapsed time spent in this place.
 B = Non-inter-level travel time spent in this place.
 C = Inter-level travel time spent in this place.
 D = Time resting spent in this place.
 E = Time spent auto-exploring this place.
 F = Levels seen in this place.
 G = Mean time per level.
                   A        B        C        D        E       F      G
               +--------+--------+--------+--------+--------+-----+--------+
         Total |   3934 |   3862 |     72 |    824 |   2231 |   4 |  983.5 |
       Dungeon |   3934 |   3862 |     72 |    824 |   2231 |   4 |  983.5 |
               +--------+--------+--------+--------+--------+-----+--------+

Top non-repeatable levels by time:
     D:2: 1464 daAuts
     D:3: 1209 daAuts
     D:1: 1017 daAuts
     D:4: 243 daAuts
